 Dungeon Crawl Stone Soup version 0.20.0-15-g7f486f2 (webtiles) character file.

334 vishdafish the Covered (level 6, -2/48 HPs)
             Began as a Formicid Fighter on June 27, 2017.
             Was a Follower of Okawaru.
             Killed from afar by an orc wizard (8 damage)
             ... with a puff of flame
             ... on level 4 of the Dungeon.
             The game lasted 00:07:00 (3218 turns).

vishdafish the Covered (Formicid Fighter)           Turns: 3218, Time: 00:07:02

Health: -2/48      AC:  7    Str: 22    XL:     6   Next: 83%
Magic:  6/6        EV:  8    Int:  7    God:    Okawaru [*.....]
Gold:   219        SH: 11    Dex: 11    Spells: 5/5 levels left

rFire    . . .     SeeInvis +   a - +0 war axe
rCold    . . .     Gourm    .   c - +1 shield
rNeg     . . .     Faith    .   b - +0 scale mail
rPois    .         Spirit   .   (helmet unavailable)
rElec    .         Reflect  .   (no cloak)
rCorr    .         Harm     .   (no gloves)
MR       .....                  (no boots)
Stlth    ..........             (no amulet)
Regen    0.2/turn               (no ring)
MPRegen  0.1/turn               (no ring)

@: no status effects
A: permanent stasis, dig shafts and tunnels, four strong arms, antennae 3
a: Dig, Shaft Self, Heroism, Renounce Religion


You were on level 4 of the Dungeon.
You worshipped Okawaru.
Okawaru was aware of your devotion.
You were not hungry.

You visited 1 branch of the dungeon, and saw 4 of its levels.

You collected 219 gold pieces.

Inventory:

Hand Weapons
 a - a +0 war axe (weapon)
Armour
 b - a +0 scale mail (worn)
 c - a +1 shield (worn)
Scrolls
 g - a scroll of teleportation {unknown}
 k - a scroll of magic mapping
 l - a scroll of amnesia {unknown}
 o - a scroll of enchant weapon {unknown}
Potions
 d - a potion of might
 e - 3 potions of curing {unknown}
 h - a potion of haste {unknown}
 i - a potion of heal wounds {unknown}
 j - a potion of lignification {unknown}
 n - 2 potions of flight {unknown}
Comestibles
 f - 2 bread rations
 p - 2 royal jellies


   Skills:
 + Level 4.1 Fighting
 * Level 4.1 Axes
 + Level 5.1 Armour
 - Level 0.3 Dodging
 - Level 0.3 Stealth
 + Level 5.0 Shields


You had 5 spell levels left.
You didn't know any spells.

Dungeon Overview and Level Annotations

Branches:
Dungeon (4/15)             Temple (0/1) D:4

Altars:
Okawaru
Uskayaw


Innate Abilities, Weirdness & Mutations

You cannot be hasted, slowed, berserked, paralysed or teleported.
You can dig through walls and to a lower floor.
Your four strong arms can wield two-handed weapons with a shield.
You have a pair of large antennae on your head. (SInv)


Message History

The orc wizard is almost dead.
You block the orc wizard's attack.
The orc wizard gestures at you while chanting.
The puff of frost hits you!
You closely miss the orc wizard.
The orc wizard is almost dead.
You block the orc wizard's attack.
The orc wizard hits you but does no damage.
Your shield prevents you from hitting the orc wizard.
The orc wizard is almost dead.
The orc wizard casts a cantrip, but nothing happens.
You block the orc wizard's attack.
Your shield and scale mail prevent you from hitting the orc wizard.
The orc wizard is almost dead.
The orc wizard points at you and mumbles some strange words.
The puff of flame hits you!
* * * LOW HITPOINT WARNING * * *
The orc wizard gestures at you while chanting.
The puff of flame hits you!
You die...

.....##........##
#....
..........).....#
......
.####...........###
.......
.......†...........
........
.######..........#
........
...####..(.......#
........
#..).).........##
........
....###.%.[....o)###
........ ##.
#.........@..#
........ #
#..........#.# ##....
............#.####
###..
..#.#.#.#.#..#....#
#..
#.............####.##
##.. ...#.......#...
...## #...
..........###
#....##..# .>...#.
#......## #.#..#.#


You could see an orc wizard (invisible).

Vanquished Creatures
  An orc priest (D:4)
  Terence (D:2)
  Natasha (thrice) (D:2)
  Robin (D:4)
  6 adders
  3 oozes
  A worm (D:2)
  6 dart slugs
  9 leopard geckos
  3 orcs (D:4)
  8 bats
  5 giant cockroaches
  15 goblins
  10 hobgoblins
  6 jackals
  3 kobolds
  5 quokkas
  2 ball pythons
  4 frilled lizards
  8 rats
100 creatures vanquished.

Notes
Turn   | Place    | Note
-------+----------+-------------------------------------------
     0 | D:1      | vishdafish the Formicid Fighter began the quest for the Orb.
     0 | D:1      | Reached XP level 1. HP: 18/18 MP: 1/1
    74 | D:1      | Reached XP level 2. HP: 18/24 MP: 2/2
   234 | D:1      | Found an iron altar of Okawaru.
   243 | D:1      | Reached XP level 3. HP: 20/29 MP: 3/3
   255 | D:1      | Became a worshipper of Warmaster Okawaru
   677 | D:2      | Noticed a hand axe
   677 | D:2      | Found a hide-covered altar of Uskayaw.
   677 | D:2      | Noticed a dagger
   677 | D:2      | Noticed Natasha
   756 | D:1      | Reached XP level 4. HP: 28/35 MP: 4/4
   920 | D:2      | Killed Natasha
  1374 | D:2      | Noticed Natasha
  1382 | D:2      | Killed Natasha
  1382 | D:2      | Reached XP level 5. HP: 25/41 MP: 5/5
  1392 | D:2      | Noticed Natasha
  1466 | D:2      | HP: 2/42 [Natasha/magic dart (10)]
  1467 | D:2      | Killed Natasha
  2027 | D:2      | Noticed Terence
  2040 | D:2      | Killed Terence
  2040 | D:2      | Reached XP level 6. HP: 40/48 MP: 6/6
  2571 | D:3      | Reached skill level 5 in Armour
  2761 | D:3      | Reached * piety under Okawaru
  2842 | D:4      | Reached skill level 5 in Shields
  2946 | D:4      | Noticed Robin
  2966 | D:4      | Killed Robin
  3059 | D:4      | Found a staircase to the Ecumenical Temple.
  3218 | D:4      | Killed from afar by an orc wizard

Skill      XL: |  1  2  3  4  5  6 |
---------------+-------------------+-----
Shields        | 4 5 |  5.0
Armour         | 4 5 |  5.1
Axes           | 3 4 |  4.1
Fighting       | 4 |  4.1
Dodging        | |  0.3
Stealth        | |  0.3

Action                   |  1- 3 |  4- 6 || total
-------------------------+-------+-------++-------
Melee: War axe           |   110 |   275 ||   385
  Use: Scroll            |       |     5 ||     5
  Eat: Chunk             |       |     1 ||     1
       Meat ration       |       |     1 ||     1
       Bread ration      |       |     1 ||     1
Armor: Scale mail        |    65 |   105 ||   170
Dodge: Dodged            |    47 |    94 ||   141
Block: Shield            |    81 |   189 ||   270
